PCL
GRESHAM GOLD SOULS @ CALGARY COWBOYS
05/01/2028
 
TOP OF THE 1ST
Gresham Gold Souls batting - Pitching for Calgary Cowboys : RHP Brian Just
Pitching: RHP Brian Just
Batting: LHB Ezechiele Bruno 0-0: Foul Ball, location: 2F
0-1: Foul Ball, location: 2F
0-2: SINGLE (Line Drive, 89M)
Batting: RHB Mario Méndez 0-0: Called Strike
Ezechiele Bruno is caught stealing 2nd base
0-1: Ball
1-1: Ball
2-1: Foul Ball, location: 2F
2-2: Foul Ball, location: 2F
2-2: Foul Ball, location: 2F
2-2: Foul Ball, location: 2F
2-2: Fly out, F6 (Line Drive, 6)
Batting: RHB Aaron Scott 0-0: Ball
1-0: Ball
2-0: Called Strike
2-1: Fly out, F4 (Line Drive, 4)
Top of the 1st over - 0 run(s), 1 hit(s), 0 error(s), 0 left on base; Gresham 0 - Calgary 0
BOTTOM OF THE 1ST
Calgary Cowboys batting - Pitching for Gresham Gold Souls : RHP Arturo Martínez
Pitching: RHP Arturo Martínez
Batting: RHB César Rodríguez 0-0: Foul Ball, location: 2F
0-1: Ball
1-1: Ball
2-1: Foul Ball, location: 2F
2-2: Ball
3-2: DOUBLE (Flyball, 78XD)
Batting: LHB Del Kennedy 0-0: Called Strike
0-1: Swinging Strike
0-2: Ball
1-2: Foul Ball, location: 2F
1-2: Ball
2-2: Ball
3-2: Foul Ball, location: 2F
3-2: Base on Balls
Batting: RHB Tom Rowe 0-0: Ball
Throwing error on steal attempt, E2
César Rodríguez scores
Del Kennedy to third
1-0: Fly out, F5 (Popup, 5S)
Batting: LHB Miguel Pérez 0-0: Fly out, F7 (Flyball, 7S)
Batting: RHB Tom Yarbrough 0-0: Ball
1-0: Ball
2-0: Foul Ball, location: 2F
2-1: DOUBLE (Groundball, 3L)
Del Kennedy scores
Batting: LHB Freddy Herrera 0-0: Called Strike
0-1: Ball
1-1: Ball
2-1: Ball
3-1: Fly out, F8 (Flyball, 8LM)
Bottom of the 1st over - 2 run(s), 2 hit(s), 1 error(s), 1 left on base; Gresham 0 - Calgary 2
TOP OF THE 2ND
Gresham Gold Souls batting - Pitching for Calgary Cowboys : RHP Brian Just
Batting: LHB Chance Santry 0-0: Ball
1-0: Ball
2-0: SINGLE (Flyball, 9LM)
Batting: RHB Peter Hensley 0-0: Ball
1-0: Foul Ball, location: 2F
1-1: Ball
2-1: Ball
3-1: Base on Balls
Chance Santry to second
Batting: RHB Gabriel Miranda 0-0: Ball
1-0: Grounds into double play, 5-4-3 (Groundball, 5)
Chance Santry to third
Batting: RHB Willie Houk 0-0: Foul Ball, location: 2F
0-1: Ball
1-1: Ball
2-1: Called Strike
2-2: Foul Ball, location: 2F
2-2: Fly out, F8 (Flyball, 78S)
Top of the 2nd over - 0 run(s), 1 hit(s), 0 error(s), 1 left on base; Gresham 0 - Calgary 2
BOTTOM OF THE 2ND
Calgary Cowboys batting - Pitching for Gresham Gold Souls : RHP Arturo Martínez
Batting: RHB Travis Colbert 0-0: SINGLE (Groundball, 25) (infield hit)
Batting: RHB Shayne Burry 0-0: Ball
1-0: Ball
2-0: Foul Ball, location: 2F
2-1: Foul Ball, location: 2F
2-2: Ball
3-2: Strikes out swinging
Batting: RHB Mario Sánchez 0-0: Swinging Strike
0-1: Called Strike
Travis Colbert steals 2nd base
0-2: Ball
1-2: Foul Ball, location: 2F
1-2: Hit by Pitch
Batting: RHB César Rodríguez 0-0: Ball
1-0: Foul Ball, location: 2F
1-1: Called Strike
1-2: Foul Ball, location: 2F
1-2: Ball
2-2: Ball
3-2: Fielders Choice at 2nd, 1-6 (Groundball, 13S)
Travis Colbert to third
Batting: LHB Del Kennedy 0-0: SINGLE (Groundball, 56D)
Travis Colbert scores
César Rodríguez to second
Batting: RHB Tom Rowe 0-0: Ball
1-0: Ball
2-0: Swinging Strike
2-1: Called Strike
2-2: Foul Ball, location: 2F
2-2: Ball
3-2: Foul Ball, location: 2F
3-2: Foul Ball, location: 2F
3-2: Base on Balls
César Rodríguez to third
Del Kennedy to second
Batting: LHB Miguel Pérez 0-0: Fly out, F3 (Popup, 3L)
Bottom of the 2nd over - 1 run(s), 2 hit(s), 0 error(s), 3 left on base; Gresham 0 - Calgary 3
TOP OF THE 3RD
Gresham Gold Souls batting - Pitching for Calgary Cowboys : RHP Brian Just
Batting: RHB Brian Dixon 0-0: Ball
1-0: Called Strike
1-1: Ball
2-1: Foul Ball, location: 2F
2-2: Ball
3-2: Ground out 4-3 (Groundball, 4S)
Batting: RHB Gustavo Pagán 0-0: Foul Ball, location: 2F
0-1: Ball
1-1: Ball
2-1: Foul Ball, location: 2F
2-2: Strikes out swinging
Batting: LHB Ezechiele Bruno 0-0: Bunt for hit - play at first, batter OUT! 1-3
Top of the 3rd over - 0 run(s), 0 hit(s), 0 error(s), 0 left on base; Gresham 0 - Calgary 3
BOTTOM OF THE 3RD
Calgary Cowboys batting - Pitching for Gresham Gold Souls : RHP Arturo Martínez
Batting: RHB Tom Yarbrough 0-0: Ball
1-0: Ball
2-0: Ball
3-0: Called Strike
3-1: Base on Balls
Batting: LHB Freddy Herrera 0-0: Ball
1-0: Foul Ball, location: 2F
1-1: Ball
2-1: Ball
3-1: Base on Balls
Tom Yarbrough to second
Batting: RHB Travis Colbert 0-0: Foul Ball, location: 2F
0-1: Swinging Strike
0-2: Foul Ball, location: 2F
0-2: Ball
1-2: Strikes out swinging
Batting: RHB Shayne Burry 0-0: Ball
1-0: Grounds into double play, 6-4-3 (Groundball, 6)
Bottom of the 3rd over - 0 run(s), 0 hit(s), 0 error(s), 1 left on base; Gresham 0 - Calgary 3
TOP OF THE 4TH
Gresham Gold Souls batting - Pitching for Calgary Cowboys : RHP Brian Just
Batting: RHB Mario Méndez 0-0: Ball
1-0: Ball
2-0: Swinging Strike
2-1: Ball
3-1: Called Strike
3-2: Foul Ball, location: 2F
3-2: Base on Balls
Batting: RHB Aaron Scott 0-0: Called Strike
0-1: Called Strike
0-2: Ball
1-2: Strikes out swinging
Batting: LHB Chance Santry 0-0: Swinging Strike
0-1: Foul Ball, location: 2F
0-2: Strikes out looking
Batting: RHB Peter Hensley 0-0: Called Strike
0-1: Called Strike
0-2: Ball
1-2: DOUBLE (Flyball, 89D)
Mario Méndez to third
Runner from 3rd tries for Home, SAFE, no throw
Batting: RHB Gabriel Miranda 0-0: Fly out, F9 (Line Drive, 9)
Top of the 4th over - 1 run(s), 1 hit(s), 0 error(s), 1 left on base; Gresham 1 - Calgary 3
BOTTOM OF THE 4TH
Calgary Cowboys batting - Pitching for Gresham Gold Souls : RHP Arturo Martínez
Batting: RHB Mario Sánchez 0-0: SOLO HOME RUN (Flyball, 7D), Distance : 389 ft
Batting: RHB César Rodríguez 0-0: Called Strike
0-1: Fly out, F8 (Flyball, 89S)
Batting: LHB Del Kennedy 0-0: Called Strike
0-1: Ball
1-1: Ball
2-1: Swinging Strike
2-2: Ball
3-2: Strikes out looking
Batting: RHB Tom Rowe 0-0: Ball
1-0: Ball
2-0: Fly out, F8 (Flyball, 8LM)
Bottom of the 4th over - 1 run(s), 1 hit(s), 0 error(s), 0 left on base; Gresham 1 - Calgary 4
TOP OF THE 5TH
Gresham Gold Souls batting - Pitching for Calgary Cowboys : RHP Brian Just
Batting: RHB Willie Houk 0-0: Foul Ball, location: 2F
0-1: Called Strike
0-2: Foul Ball, location: 2F
0-2: Ball
1-2: Foul Ball, location: 2F
1-2: SINGLE (Groundball, 56D)
Batting: RHB Brian Dixon 0-0: Called Strike
0-1: Swinging Strike
0-2: Ball
1-2: Strikes out swinging
Batting: RHB Gustavo Pagán 0-0: Ball
1-0: Ball
2-0: Called Strike
2-1: Ball
3-1: Called Strike
3-2: Strikes out swinging
Pitching: RHP Esteban Alfonzo
Batting: LHB Ezechiele Bruno 0-0: Called Strike
0-1: SINGLE (Groundball, 6MD)
Willie Houk to second
Batting: RHB Mario Méndez 0-0: Ball
1-0: Fly out, F7 (Flyball, 7LMF)
Top of the 5th over - 0 run(s), 2 hit(s), 0 error(s), 2 left on base; Gresham 1 - Calgary 4
BOTTOM OF THE 5TH
Calgary Cowboys batting - Pitching for Gresham Gold Souls : RHP Arturo Martínez
Pitching: RHP Paul Miller
Batting: LHB Miguel Pérez 0-0: Foul Ball, location: 2F
0-1: Ground out U3 (Groundball, 3)
Batting: RHB Tom Yarbrough 0-0: Called Strike
0-1: Hit by Pitch
Batting: LHB Freddy Herrera 0-0: Ball
1-0: DOUBLE (Line Drive, 7LM)
Tom Yarbrough to third
Runner from 3rd tries for Home, SAFE, throw made home
Batting: RHB Travis Colbert 0-0: Called Strike
0-1: Foul Ball, location: 2F
0-2: Ball
1-2: Ball
2-2: Foul Ball, location: 2F
2-2: SINGLE (Groundball, 56S) (infield hit)
Freddy Herrera to third
Batting: RHB Shayne Burry 0-0: Ball
1-0: Ball
2-0: Swinging Strike
2-1: Swinging Strike
2-2: Ball
3-2: Ground out 5-3 (Groundball, 56S)
Freddy Herrera scores
Travis Colbert to second
Batting: RHB Mario Sánchez 0-0: Called Strike
0-1: Ball
1-1: Ball
2-1: Swinging Strike
2-2: Strikes out looking
Bottom of the 5th over - 2 run(s), 2 hit(s), 0 error(s), 1 left on base; Gresham 1 - Calgary 6
TOP OF THE 6TH
Gresham Gold Souls batting - Pitching for Calgary Cowboys : RHP Esteban Alfonzo
Batting: RHB Aaron Scott 0-0: Foul Ball, location: 2F
0-1: Called Strike
0-2: Fly out, F8 (Flyball, 8RM)
Batting: LHB Chance Santry 0-0: Called Strike
0-1: Foul Ball, location: 2F
0-2: Ball
1-2: Strikes out swinging
Batting: RHB Peter Hensley 0-0: Called Strike
0-1: Ball
1-1: Foul Ball, location: 2F
1-2: Strikes out swinging
Top of the 6th over - 0 run(s), 0 hit(s), 0 error(s), 0 left on base; Gresham 1 - Calgary 6
BOTTOM OF THE 6TH
Calgary Cowboys batting - Pitching for Gresham Gold Souls : RHP Paul Miller
Pitching: RHP David Green
Batting: RHB César Rodríguez 0-0: Ground out 5-3 (Groundball, 5S)
Batting: LHB Del Kennedy 0-0: Swinging Strike
0-1: Foul Ball, location: 2F
0-2: Ball
1-2: Ball
2-2: Ball
3-2: Foul Ball, location: 2F
3-2: Base on Balls
Batting: RHB Tom Rowe 0-0: Ball
1-0: Foul Ball, location: 2F
1-1: Ball
2-1: Ball
3-1: Fly out, F9 (Flyball, 9S)
Batting: LHB Miguel Pérez 0-0: Ball
1-0: DOUBLE (Line Drive, 8LXD)
Del Kennedy to third
Runner from 3rd tries for Home, SAFE, no throw
Batting: RHB Tom Yarbrough 0-0: Ball
1-0: Called Strike
1-1: Swinging Strike
1-2: Foul Ball, location: 2F
1-2: Foul Ball, location: 2F
1-2: Foul Ball, location: 2F
1-2: Ball
2-2: Strikes out swinging
Bottom of the 6th over - 1 run(s), 1 hit(s), 0 error(s), 1 left on base; Gresham 1 - Calgary 7
TOP OF THE 7TH
Gresham Gold Souls batting - Pitching for Calgary Cowboys : RHP Esteban Alfonzo
Batting: RHB Gabriel Miranda 0-0: DOUBLE (Line Drive, 78XD)
Batting: RHB Willie Houk 0-0: Foul Ball, location: 2F
0-1: Called Strike
0-2: Ball
1-2: Ball
2-2: Strikes out swinging
Batting: RHB Brian Dixon 0-0: Ball
1-0: Ball
2-0: DOUBLE (Line Drive, 7LM)
Gabriel Miranda scores
Batting: RHB Gustavo Pagán 0-0: Swinging Strike
0-1: Foul Ball, location: 2F
0-2: Foul Ball, location: 2F
0-2: Strikes out swinging
Batting: LHB Ezechiele Bruno 0-0: Called Strike
0-1: Ball
1-1: Foul Ball, location: 2F
1-2: Ball
2-2: Strikes out looking
Top of the 7th over - 1 run(s), 2 hit(s), 0 error(s), 1 left on base; Gresham 2 - Calgary 7
BOTTOM OF THE 7TH
Calgary Cowboys batting - Pitching for Gresham Gold Souls : RHP David Green
Batting: LHB Freddy Herrera 0-0: Ball
1-0: Ball
2-0: Swinging Strike
2-1: Swinging Strike
2-2: Strikes out swinging
Batting: RHB Travis Colbert 0-0: Called Strike
0-1: Swinging Strike
0-2: Ball
1-2: Strikes out swinging
Batting: RHB Shayne Burry 0-0: Called Strike
0-1: Ball
1-1: Called Strike
1-2: Foul Ball, location: 2F
1-2: Fly out, F6 (Popup, 56D)
Bottom of the 7th over - 0 run(s), 0 hit(s), 0 error(s), 0 left on base; Gresham 2 - Calgary 7
TOP OF THE 8TH
Gresham Gold Souls batting - Pitching for Calgary Cowboys : RHP Esteban Alfonzo
Batting: RHB Mario Méndez 0-0: Ball
1-0: Ball
2-0: Called Strike
2-1: Fly out, F7 (Flyball, 7D)
Batting: RHB Aaron Scott 0-0: Ball
1-0: Ball
2-0: Swinging Strike
2-1: Ball
3-1: Base on Balls
Batting: LHB Chance Santry 0-0: Called Strike
0-1: Foul Ball, location: 2F
0-2: Ball
1-2: Ball
2-2: Ball
3-2: Base on Balls
Aaron Scott to second
Batting: RHB Peter Hensley 0-0: Called Strike
0-1: Foul Ball, location: 2F
0-2: Strikes out swinging
Batting: RHB Gabriel Miranda 0-0: Called Strike
0-1: Called Strike
0-2: Ball
1-2: Ball
2-2: Foul Ball, location: 2F
2-2: Foul Ball, location: 2F
2-2: Ball
3-2: Base on Balls
Aaron Scott to third
Chance Santry to second
Pitching: RHP Paul Barton
Batting: RHB Willie Houk 0-0: Ball
1-0: Foul Ball, location: 2F
1-1: Ball
2-1: Ball
3-1: Base on Balls
Aaron Scott scores
Chance Santry to third
Gabriel Miranda to second
Batting: RHB Brian Dixon 0-0: Called Strike
0-1: Swinging Strike
0-2: Ball
1-2: Strikes out swinging
Top of the 8th over - 1 run(s), 0 hit(s), 0 error(s), 3 left on base; Gresham 3 - Calgary 7
BOTTOM OF THE 8TH
Calgary Cowboys batting - Pitching for Gresham Gold Souls : RHP David Green
Batting: RHB Mario Sánchez 0-0: Ball
1-0: Ball
2-0: Called Strike
2-1: Fly out, F8 (Flyball, 8LM)
Batting: RHB César Rodríguez 0-0: Called Strike
0-1: SINGLE (Flyball, 89S)
Batting: LHB Del Kennedy 0-0: Ball
1-0: Swinging Strike
1-1: Ball
César Rodríguez is caught stealing 2nd base
2-1: Fly out, F8 (Line Drive, 8LM)
Bottom of the 8th over - 0 run(s), 1 hit(s), 0 error(s), 0 left on base; Gresham 3 - Calgary 7
TOP OF THE 9TH
Gresham Gold Souls batting - Pitching for Calgary Cowboys : RHP Paul Barton
Batting: RHB Gustavo Pagán 0-0: Ball
1-0: Ball
2-0: Foul Ball, location: 2F
2-1: Called Strike
2-2: Foul Ball, location: 2F
2-2: Foul Ball, location: 2F
2-2: Foul Ball, location: 2F
2-2: Foul Ball, location: 2F
2-2: Ground out 5-3 (Groundball, 56)
Batting: LHB Ezechiele Bruno 0-0: Foul Ball, location: 2F
0-1: Swinging Strike
0-2: Ball
1-2: Ball
2-2: Foul Ball, location: 2F
2-2: Ball
3-2: Base on Balls
Batting: RHB Mario Méndez 0-0: Called Strike
0-1: Foul Ball, location: 2F
0-2: Foul Ball, location: 2F
0-2: Fielders Choice at 2nd, 1-6 (Groundball, 13S)
Batting: RHB Aaron Scott 0-0: Foul Ball, location: 2F
0-1: Ball
1-1: Ball
2-1: Called Strike
2-2: Ball
3-2: Strikes out swinging
Top of the 9th over - 0 run(s), 0 hit(s), 0 error(s), 1 left on base; Gresham 3 - Calgary 7
Tuesday, August 8th, 2017 - OOTP Baseball 17.12 Build 75